 Dungeon Crawl Stone Soup version 0.29.1-1-gd02db6906a (webtiles) character file.

Game seed: 14038793008992096971

18 jesterful the Ruffian (level 2, -1/21 HPs)
             Began as an Octopode Berserker on Oct 11, 2022.
             Was a Follower of Uskayaw.
             Slain by a goblin
             ... wielding a +0 club
              (2 damage)
             ... on level 2 of the Dungeon.
             The game lasted 00:05:45 (564 turns).

jesterful the Ruffian (Octopode Berserker)           Turns: 564, Time: 00:05:46

Health: -1/21      AC:  1    Str: 14 (16) XL:     2   Next: 66%
Magic:  2/2        EV: 13    Int:  8 (9)  God:    Uskayaw [*.....]
Gold:   51         SH:  0    Dex:  8 (11) Spells: 1/1 levels left

rFire   . . .      SeeInvis .     - Unarmed
rCold   . . .      Faith    .   (no shield)
rNeg    . . .      Spirit   .   (helmet restricted)
rPois   .          Reflect  .   (no amulet)
rElec   .          Harm     .   (no ring)
rCorr   .          Rampage  .   (no ring)
Will    .....                   (no ring)
Stlth   ++........              (no ring)
HPRegen 0.07/turn               (no ring)
MPRegen 0.08/turn               (no ring)
                                (no ring)
                                (no ring)

@: no status effects
A: almost no armour, amphibious, 8 rings, camouflage 1, gelatinous body 1,
(nimble swimmer 1), tentacles
a: Renounce Religion, Stomp


You were on level 2 of the Dungeon.
You worshipped Uskayaw.
Uskayaw was noncommittal.
You visited 1 branch of the dungeon, and saw 2 of its levels.

You collected 51 gold pieces.

Inventory:

Scrolls
 b - a scroll of poison


   Skills:
 + Level 3.2 Fighting
 + Level 3.2 Dodging
 + Level 0.7 Stealth
 + Level 3.3 Unarmed Combat


You had one spell level left.
You didn't know any spells.
Your spell library contained the following spells:

 Spells                   Type           Power      Damage    Failure   Level
 Freeze                   Ice            0%         1d3       41%         1
 Frozen Ramparts          Ice            0%         1d1       78%         3
 Hailstorm                Conj/Ice       0%         3d3       99%         4


Dungeon Overview and Level Annotations

Branches:
Dungeon (2/15)

Altars:
Uskayaw


Innate Abilities, Weirdness & Mutations

You cannot wear most types of armour.
You are amphibious.
You can wear up to eight rings at the same time.
Your skin changes colour to match your surroundings (Stealth+).
Your rubbery body absorbs attacks. (AC +1, EV +1)
((You are camouflaged when in or above water. (Stealth+)))
You have tentacles for arms and can constrict up to eight enemies at once.


Message History

The bat attacks as you move away! The bat closely misses you.
The bat hits you but does no damage.
You see here a giant cockroach corpse.
The bat closely misses you. The bat hits you but does no damage.
You tentacle-slap the bat.
You kill the bat!
A goblin comes into view. It is wielding a +0 dagger.
Uskayaw will force your foes to helplessly watch your dance.
Uskayaw prepares the audience for your solo!
The goblin is no longer paralysed.
A goblin comes into view. It is wielding a +0 club.
Found a chain mail.
You see here a grey potion.
a - a grey potion You can no longer pass through a line of other dancers.
It was a potion of degeneration.
There was something very wrong with that liquid.
You feel weakened.
You feel dopey.
You feel clumsy.
The goblin shouts!
The goblin unwields a +0 club.
The goblin wields a +0 sling.
The goblin shoots a sling bullet.
The sling bullet misses you.
The goblin shoots a sling bullet.
The sling bullet misses you.
A rat comes into view.
The goblin shoots a sling bullet.
The sling bullet closely misses you.
The goblin shoots a sling bullet.
The sling bullet hits you.
* * * LOW HITPOINT WARNING * * *
The goblin shoots a sling bullet.
The sling bullet barely misses you.
The goblin shoots a sling bullet.
The sling bullet closely misses you. The rat bites you.
* * * LOW HITPOINT WARNING * * *
The goblin unwields a +0 sling.
The goblin wields a +0 club.
The goblin closely misses you.
You closely miss the rat. Your grab misses the rat. The rat closely misses you.
You tentacle-slap the rat.
You kill the rat!
The goblin hits you but does no damage.
You closely miss the goblin. Your grab misses the goblin.
Your tentacle-slap misses the goblin.
The goblin hits you with a +0 club.
You die...

#...# #...# #...#
#########...#
#...........#
.#...........# ######
g............###......
#.........##.........
#.........##.@.......
#.......).##..g......
........†..##.........
..#####.#<.##...[.....
. #.##.##....#####
#.##.##....# ..#
.......# ..# ...#+#.#
... ...#


You could see a goblin.

Vanquished Creatures
  2 bats
  2 giant cockroaches
  A goblin (D:2)
  4 hobgoblins (D:1)
  A kobold (D:1)
  A quokka (D:2)
  A ball python (D:1)
  A frilled lizard (D:1)
  3 rats
16 creatures vanquished.

Vanquished Creatures (others)
  4 plants (D:1)
4 creatures vanquished.

Grand Total: 20 creatures vanquished

Notes
Turn   | Place    | Note
-------+----------+-------------------------------------------
     0 | D:1      | jesterful the Octopode Berserker began the quest for the
                  | Orb.
     0 | D:1      | Reached XP level 1. HP: 16/16 MP: 1/1
   265 | D:1      | Reached XP level 2. HP: 21/21 MP: 2/2
   284 | D:1      | Found a faded altar of an unknown god.
   291 | D:1      | Prayed at the altar of an unknown god.
   291 | D:1      | Fell from the grace of Trog
   291 | D:1      | Became a worshipper of Uskayaw the Reveller
   291 | D:1      | Reached * piety under Uskayaw
   395 | D:1      | Reached ** piety under Uskayaw
   543 | D:2      | Reached *** piety under Uskayaw
   561 | D:2      | HP: 1/21 [rat (1)]
   564 | D:2      | Slain by a goblin

Illustrated notes

Levels and vault maps discovered:
D:1:      arrival_zaba_pyramid, layout_rooms, dilly_ecumenical_altar_fadedgnrine
D:2:      layout_basic, minmay_crystal_water

Action                   || total
-------------------------++-------
Melee: Unarmed           ||    51
       Tentacles         ||     9
       Constrict         ||     8
       Punch             ||     2
  Use: Potion            ||     6
       Scroll            ||     1
 Stab: Sleeping          ||     1
Armor: Skin              ||     6
Dodge: Dodged            ||    35
